 Dungeon Crawl Stone Soup version 0.31-a0-620-gd1cbd99268 (webtiles) character file.

Game seed: 16795727101863097589

5795 CraigForest the Basher (level 10, -6/88 HPs)
             Began as a Troll Fighter on Aug 23, 2023.
             Was a Believer of Hepliaklqana.
             Mangled by a fire elemental (13 damage)
             ... on level 8 of the Dungeon.
             The game lasted 00:26:46 (5617 turns).

CraigForest the Basher (Troll Fighter)              Turns: 5617, Time: 00:26:47

Health: -6/88      AC:  7    Str: 32    XL:     10   Next: 50%
Magic:  10/10      EV: 11    Int:  6    God:    Hepliaklqana [**....]
Gold:   352        SH:  0    Dex: 13    Spells: 9/9 levels left

rFire   . . .        A - +1 whip (flame)
rCold   . . .        c - +0 kite shield
rNeg    + . .        L - +0 steam dragon scales
rPois   .            (helmet restricted)
rElec   .            (no cloak)
rCorr   +            (gloves unavailable)
SInv    .            (boots unavailable)
Will    .....        (no amulet)
Stlth   +            t - ring of resist corrosion
HPRegen 1.94/turn    F - ring of Penebull {rN+ Str+3 Int+3}
MPRegen 0.12/turn

%: no passive effects
@: confused, ambrosia-drunk
A: reduced essence, large, unfitting armour, claws 3, regeneration 2, shaggy fur
1, tough skin 1, agile 1, high MP 1
a: Renounce Religion, Recall Ancestor, Ancestor Identity


You were on level 8 of the Dungeon.
You worshipped Hepliaklqana.
Hepliaklqana was pleased with you.
You visited 2 branches of the dungeon, and saw 9 of its levels.
You also visited: Sewer.

You collected 352 gold pieces.

Inventory:

Hand Weapons
 a - a +0 flail
 m - a +0 lajatang
 A - a +1 whip of flaming (weapon)
 D - a +1 whip of freezing
 G - a +0 giant spiked club
Missiles
 i - 8 javelins (quivered)
 v - 19 poisoned darts
Armour
 b - a +0 robe
 c - a +0 kite shield (worn)
 L - +0 steam dragon scales (worn)
Jewellery
 r - a ring of protection from cold
 t - a ring of resist corrosion (left claw)
 F - the ring of Penebull (right claw) {rN+ Str+3 Int+3}
   (You found it on level 6 of the Dungeon)

   [ring of positive energy]

   Str+3:     It affects your strength (+3).
   Int+3:     It affects your intelligence (+3).
   rN+:       It protects you from negative energy.
Talismans
 q - a blade talisman
 u - a beast talisman
 K - a serpent talisman
Wands
 x - a wand of flame (14)
 C - a wand of iceblast (7)
Scrolls
 f - a scroll of summoning
 j - a scroll of immolation
 o - 2 scrolls of teleportation
 p - a scroll of amnesia
 s - a scroll of vulnerability {unknown}
 y - a scroll of silence {unknown}
 H - a scroll of fog
 I - a scroll of brand weapon {unknown}
Potions
 d - 2 potions of might
 e - 4 potions of mutation
 g - 5 potions of curing
 h - a potion of haste
 k - 2 potions of attraction
 l - 2 potions of berserk rage
 n - 4 potions of enlightenment
 w - 2 potions of invisibility
 z - 2 potions of magic
 B - a potion of cancellation
 E - a potion of resistance {unknown}
 M - a potion of degeneration


   Skills:
 + Level 6.0 Fighting
 + Level 9.2 Maces & Flails
 + Level 6.8 Dodging
 + Level 7.2 Shields


You had 9 spell levels left.
You didn't know any spells.
Your spell library was empty.

Dungeon Overview and Level Annotations

Branches:
Dungeon (8/15)             Temple (1/1) D:5           Sewer (visited)
   Lair: D:8-11

Altars:
Cheibriados
Dithmenos
Elyvilon
Gozag
Hepliaklqana
Makhleb
Nemelex Xobeh
Okawaru
Ru
Sif Muna
Trog
Uskayaw
Vehumet
Wu Jian
Xom
Yredelemnul
Zin
The Shining One

Shops:
D:4 =


Innate Abilities, Weirdness & Mutations

Your life essence is reduced to manifest your ancestor. (-10% HP)
You are too large for most types of armour.
You have claws for hands.
You heal very quickly.
You are covered in fur. (AC +1)
You have tough skin. (AC +1)
You are agile. (Dex +4, Str/Int -1)
You have an increased reservoir of magic. (+10% MP)


Message History

Sosibius casts a spell at the fire bat.
The fire bat seems to slow down.
The fire elemental closely misses Sosibius.
You whack the fire bat!
The fire bat is moderately wounded.
The fire bat bites you.
* * * LOW HITPOINT WARNING * * *
You are engulfed in flames!
* * * LOW HITPOINT WARNING * * *
Sosibius hits the fire bat with a +0 dagger of draining!
The fire bat bites Sosibius.
Sosibius is engulfed in flames.
Sosibius resists.
The fire elemental barely misses Sosibius.
Sosibius gestures at the fire bat while chanting.
The fire bat resists with significant effort.
You swap places.
The fire bat closely misses Sosibius.
You block the fire elemental's attack.
Sosibius barely misses the fire bat.
There is a stone staircase leading up, spattered with blood here.
You are confused.
You feel invigorated.
The fire bat misses Sosibius.
The fire elemental hits you.
* * * LOW HITPOINT WARNING * * *
The fire elemental burns you!
* * * LOW HITPOINT WARNING * * *
Sosibius gestures at the fire bat while chanting.
The fire bat seems to slow down.
The fire bat bites Sosibius.
Sosibius is engulfed in flames.
Sosibius resists.
The fire elemental completely misses you.
You barely miss Sosibius.
Sosibius is moderately damaged.
The fire bat bites Sosibius but does no damage.
Sosibius gestures at the fire bat while chanting.
The fire bat seems to slow down.
The fire bat bites Sosibius but does no damage.
The fire elemental hits you. The fire elemental burns you!
* * * LOW HITPOINT WARNING * * *
You're too confused to move!
The fire elemental hits you. The fire elemental burns you!
You die...

..#.#### ###☼☼....≈
...÷...# #.'#######
.......###..#.....#
..>...#.#.....#...#
..................#
......#..........##
......##.........##
......##..........##
......#..#......@Rb##
.........#..#..E....##
........#####........##
.#>......#.#..##......#
##.........).........##
#....###...........##
##.#####...........##
......#..........#..#
....................#


You could see the friendly Sosibius the hexer, a fire elemental and a fire bat
(slow, ally target).

Vanquished Creatures
  Pikel (D:6)
  A hornet (D:6)
  Grinder (Sewer)
  5 yaks (D:8)
  2 fire bats
  Edmund (D:4)
  4 water moccasins
  3 ice beasts
  An orc warrior (D:8)
  A sky beast (D:6)
  An ogre (D:6)
  3 centaurs
  A lemure (D:6)
  A kobold brigand (Sewer)
  A phantom (Sewer)
  Blork the orc (D:4)
  2 scorpions
  6 wights
  A crimson imp (D:8)
  3 jellies
  6 orc priests
  A gnoll bouda (D:8)
  4 hounds
  2 orc wizards
  Natasha (thrice) (D:3)
  4 iguanas
  14 adders
  7 gnolls
  A shadow imp (Sewer)
  2 white imps
  3 ufetubi (Sewer)
  An adder zombie (Sewer)
  A worm (D:2)
  6 dart slugs
  22 orcs
  4 bats
  6 endoplasms
  5 giant cockroaches
  7 hobgoblins
  2 jackals (D:4)
  18 kobolds
  4 quokkas
  6 ball pythons
  5 frilled lizards
  2 giant cockroach zombies (Sewer)
  9 goblins
  6 rats
191 creatures vanquished.

Vanquished Creatures (collateral kills)
  A wyvern (D:8)
  A fire bat (D:8)
  A steam dragon (D:8)
  A water moccasin (D:8)
  A sky beast (D:8)
  2 centaurs
  A kobold brigand (D:8)
  2 bullfrogs
  A jelly (D:6)
  An orc wizard (D:8)
  A gnoll (D:8)
  A worm (D:2)
  A dart slug (D:2)
  A kobold (D:8)
16 creatures vanquished.

Vanquished Creatures (others)
  An ancestor (D:8)
1 creature vanquished.

Grand Total: 208 creatures vanquished

Notes
Turn   | Place    | Note
-------+----------+-------------------------------------------
     0 | D:1      | CraigForest the Troll Fighter began the quest for the Orb.
     0 | D:1      | Reached XP level 1. HP: 22/22 MP: 0/0
   391 | D:1      | Reached XP level 2. HP: 29/29 MP: 1/1
   558 | D:2      | Found a faded altar of an unknown god.
   563 | D:2      | Reached skill level 2 in Maces & Flails
   600 | D:2      | Reached XP level 3. HP: 24/36 MP: 2/2
   718 | D:2      | Reached XP level 4. HP: 20/43 MP: 3/3
  1142 | D:2      | Gained mutation: You heal very quickly. [potion of
                  | mutation]
  1142 | D:2      | Gained mutation: You have an increased reservoir of magic.
                  | (+10% MP) [potion of mutation]
  1142 | D:2      | Gained mutation: You are agile. (Dex +4, Str/Int -1)
                  | [potion of mutation]
  1613 | D:3      | Found a glowing silver altar of Zin.
  1643 | D:3      | Reached skill level 3 in Maces & Flails
  1720 | D:4      | Noticed Natasha
  1722 | D:4      | Noticed a scorpion
  1745 | D:3      | Killed a scorpion
  1746 | D:3      | Reached XP level 5. HP: 25/53 MP: 4/4
  1755 | D:3      | Killed Natasha
  1782 | D:3      | Noticed Natasha
  1806 | D:3      | Killed Natasha
  1833 | D:3      | Noticed Natasha
  1846 | D:3      | Killed Natasha
  1873 | D:4      | Reached XP level 6. HP: 61/61 MP: 5/5
  1875 | D:4      | Noticed Edmund
  1932 | D:4      | Killed Edmund
  1933 | D:4      | Reached skill level 4 in Maces & Flails
  1999 | D:4      | Found a bloodstained altar of Trog.
  2127 | D:4      | Found a shimmering blue altar of Sif Muna.
  2169 | D:4      | Found Japuow's Jewellery Shoppe.
  2195 | D:4      | Noticed Blork the orc
  2208 | D:4      | Killed Blork the orc
  2209 | D:4      | Reached XP level 7. HP: 55/68 MP: 6/6
  2506 | D:5      | Entered Level 5 of the Dungeon
  2531 | D:5      | Found a sacrificial altar of Ru.
  2568 | D:5      | Found a staircase to the Ecumenical Temple.
  2582 | Temple   | Entered the Ecumenical Temple
  2601 | Temple   | Became a worshipper of Hepliaklqana the Forgotten
  2671 | D:5      | Found a glowing drain.
  2675 | Sewer    | Entered a sewer
  2823 | Sewer    | Found an ancient bone altar of Kikubaaqudgha.
  2837 | Sewer    | Reached skill level 5 in Maces & Flails
  2905 | Sewer    | Noticed Grinder
  2923 | Sewer    | Killed Grinder
  2924 | Sewer    | Reached XP level 8. HP: 69/78 MP: 7/7
  3066 | D:5      | Found a radiant altar of Vehumet.
  3161 | D:5      | Reached skill level 6 in Maces & Flails
  3383 | D:5      | Found a hide-covered altar of Uskayaw.
  3586 | D:6      | Noticed a hornet
  3593 | D:6      | Paralysed by a hornet for 3 turns
  3602 | D:6      | Killed a hornet
  3603 | D:6      | Reached skill level 5 in Dodging
  3603 | D:6      | Reached skill level 5 in Shields
  3610 | D:6      | Reached skill level 7 in Maces & Flails
  3630 | D:6      | Noticed Pikel
  3658 | D:6      | Killed Pikel
  3659 | D:6      | Reached XP level 9. HP: 31/87 MP: 8/8
  3746 | D:6      | Reached * piety under Hepliaklqana
  3817 | D:6      | Identified the ring of Penebull {rN+ Str+3 Int+3}
  3833 | D:6      | Reached skill level 5 in Fighting
  4359 | D:7      | Reached skill level 8 in Maces & Flails
  5077 | D:8      | Reached XP level 10. HP: 80/86 MP: 10/10
  5078 | D:8      | Found a burning altar of Makhleb.
  5210 | D:8      | Found a shimmering altar of Xom.
  5211 | D:8      | Found a shimmering altar of Xom.
  5212 | D:8      | Found a shimmering altar of Xom.
  5212 | D:8      | Found a shimmering altar of Xom.
  5320 | D:8      | Reached skill level 9 in Maces & Flails
  5341 | D:8      | Reached ** piety under Hepliaklqana
  5342 | D:8      | Remembered your ancestor Sosibius as a hexer
  5616 | D:8      | HP: 2/88 [fire elemental (7)]
  5617 | D:8      | Mangled by a fire elemental

Illustrated notes

Levels and vault maps discovered:
D:1:      sevenhm_arrival_forest_fort_small_4, layout_rooms,
          chequers_serial_rivers_large_a, minmay_gold_behind_fungi
D:2:      layout_basic, hellmonk_ecumenical_altar_blasted,
          kennysheep_big_empty_room, minmay_misc_feat_room
D:3:      layout_basic, zin_statuary, kennysheep_minor_cross,
          chequers_serial_rivers_micro_c
D:4:      layout_cave_pools, lemuel_crystal_altar,
          nicolae_overflow_hidden_temple, serial_shops,
          nicolae_shop_hallway_stairs, chequers_serial_rivers_small_b,
          st_stairs_11, corexii_corridor_pit, uniq_blork_the_orc, uniq_natasha,
          uniq_edmund
D:5:      layout_rooms, nicolae_uskayaw_dance_hall, vehumet_crystals,
          nicolae_ru_great_annihilating_truth, minmay_temple_entry_large_hall,
          gup_sewer_entry_bowl, grunt_ministairs_4
D:6:      layout_loops_ring, uniq_pikel
D:7:      layout_loops_ring, lemuel_flame_loot_1
D:8:      layout_cave_pools, makhleb_grotto_becter, xom_shifter_show,
          minmay_misc_feat_hallway, kennysheep_diamond, hangedman_decor_lopped,
          hangedman_incinerator
Temple:   eino_wide_crystal_templ

Skill      XL: |  1  2  3  4  5  6  7  8  9 10 |
---------------+-------------------------------+-----
Maces & Flails | 2 3 4 5 7 8 9 |  9.2
Dodging        | 3 4 5 6 |  6.8
Shields        | 3 4 5 6 7 |  7.2
Fighting       | 3 4 5 6 |  6.0

Action                     |  1- 3 |  4- 6 |  7- 9 | 10-12 || total
---------------------------+-------+-------+-------+-------++-------
  Melee: Flail             |    94 |   205 |   241 |       ||   540
         Whip              |       |       |   272 |   172 ||   444
 Invoke: Recall Ancestor   |       |       |       |     1 ||     1
         Ancestor Life: He |       |       |       |     1 ||     1
    Use: Scroll            |     3 |     2 |     8 |     3 ||    16
         Potion            |       |     2 |     2 |     1 ||     5
   Stab: Sleeping          |     2 |     2 |     1 |       ||     5
         Invisible         |       |       |     1 |       ||     1
         Paralysed         |       |       |     1 |       ||     1
         Distracted        |       |       |       |     1 ||     1
 Armour: Robe              |    36 |    44 |   115 |     6 ||   201
         Steam dragon scal |       |       |       |    43 ||    43
  Dodge: Dodged            |    48 |    99 |   213 |    65 ||   425
  Block: Kite shield       |    53 |   116 |   241 |    87 ||   497

Table legend: (Time is in decaauts)
 A = Elapsed time spent in this place.
 B = Non-inter-level travel time spent in this place.
 C = Inter-level travel time spent in this place.
 D = Time resting spent in this place.
 E = Time spent auto-exploring this place.
 F = Levels seen in this place.
 G = Mean time per level.
                   A        B        C        D        E       F      G
               +--------+--------+--------+--------+--------+-----+--------+
         Total |   5719 |   5526 |    193 |     39 |   3344 |  10 |  571.9 |
       Dungeon |   5276 |   5083 |    193 |     39 |   3198 |   8 |  659.5 |
        Temple |     34 |     34 |      0 |      0 |      0 |   1 |   34.0 |
         Sewer |    408 |    408 |      0 |      0 |    146 |   1 |  408.0 |
               +--------+--------+--------+--------+--------+-----+--------+

Top non-repeatable levels by time:
     D:6: 823 daAuts
     D:3: 736 daAuts
     D:7: 697 daAuts
     D:4: 692 daAuts
     D:2: 672 daAuts
     D:5: 601 daAuts
     D:1: 533 daAuts
     D:8: 519 daAuts
   Sewer: 408 daAuts
  Temple: 34 daAuts
